 Dungeon Crawl Stone Soup version 0.22-b1-21-g5cfc168 (webtiles) character file.

279 Lilu the Destroyer (level 6, -10/32 HPs)
             Began as a Deep Elf Conjurer on Aug 3, 2018.
             Shot with an arrow by a centaur (14 damage)
             ... on level 4 of the Dungeon.
             The game lasted 00:13:45 (3882 turns).

Lilu the Destroyer (Deep Elf Conjurer)              Turns: 3882, Time: 00:13:45

Health: -10/32     AC:  4    Str:  7    XL:     6   Next: 5%
Magic:  0/12       EV: 17    Int: 25    God:
Gold:   223        SH:  0    Dex: 15    Spells: 4/11 levels left

rFire    . . .     SeeInvis .   j - +0 spear
rCold    . . .     Gourm    .   (no shield)
rNeg     . . .     Faith    .   a - +0 robe
rPois    .         Spirit   .   (no helmet)
rElec    .         Reflect  .   (no cloak)
rCorr    .         Harm     .   h - +0 pair of gloves
MR       .....                  t - +0 pair of boots
Stlth    ++........             (no amulet)
HPRegen  0.10/turn              w - +4 ring of evasion
MPRegen  0.13/turn              (no ring)

@: brilliant, hasted, very quick
A: no striking features
a: no special abilities


You were on level 4 of the Dungeon.
You were very hungry.

You visited 2 branches of the dungeon, and saw 5 of its levels.

You collected 223 gold pieces.

Inventory:

Hand Weapons
 j - a +0 spear (weapon)
Missiles
 l - 20 arrows
 o - 22 stones (quivered)
 u - 13 sling bullets
Armour
 a - a +0 robe (worn)
 f - a cursed +0 leather armour
 h - a +0 pair of gloves (worn)
 p - a +0 shield
 s - a +0 buckler
 t - a +0 pair of boots (worn)
Jewellery
 w - a +4 ring of evasion (left hand)
Scrolls
 b - 3 scrolls of identify {unknown}
 g - a scroll of fog {unknown}
 i - 2 scrolls of remove curse
 k - a scroll of magic mapping {unknown}
 r - 2 scrolls of teleportation {unknown}
Potions
 d - a potion of cancellation
 m - a potion of lignification {unknown}
 n - a potion of brilliance
Comestibles
 c - 6 rations
 v - 2 chunks of flesh


   Skills:
 - Level 2.4 Dodging
 - Level 2.4 Stealth
 - Level 3.0 Spellcasting
 + Level 8.1 Conjurations


You had 4 spell levels left.
You knew the following spells:

 Your Spells              Type           Power        Failure   Level  Hunger
a - Magic Dart            Conj           ####         1%          1    None
b - Searing Ray           Conj           ######       1%          2    ##.....
c - Iskenderun's Mystic   Conj           ######..     1%          4    ####...

Your spell library contained the following spells:

 Spells                   Type           Power        Failure   Level  Hunger
 Fulminant Prism          Conj/Hex       #####.....   2%          4    ####...
 Dazzling Spray           Conj/Hex       #####.       1%          3    ###....
 Force Lance              Conj/Tloc      #####...     2%          4    ####...


Dungeon Overview and Level Annotations

Branches:
Dungeon (4/15)             Temple (1/1) D:4

Altars:
Ashenzari
Cheibriados
Elyvilon
Gozag
Hepliaklqana
Kikubaaqudgha
Makhleb
Nemelex Xobeh
Qazlal
Trog
Uskayaw
Zin


Message History

You see here an arrow.
It was a potion of brilliance.
You feel clever all of a sudden.
It was a potion of haste.
You feel yourself speed up.
Press: ? - help, v - describe, . - travel, g - get item
Here: a centaur, wielding a shortbow (almost dead)
An arrow.
The floor.
Casting: Magic Dart (safe; 1% risk of failure)
Confirm with . or Enter, or press ? or * to list all spells.
Aiming: Magic Dart (safe; 1% risk of failure)
Press: ? - help, Shift-Dir - straight line, f/p - centaur
Aim: a centaur, wielding a shortbow (almost dead)
The magic dart hits the centaur.
The centaur is almost dead.
The centaur shoots an arrow.
The arrow misses you.
The centaur shoots an arrow.
The arrow barely misses you.
You see here an arrow.
The centaur shoots an arrow.
The arrow hits you!
You die...

###. #. ####.
#..'. #.##.
##############.##.
#..............##.
#.################
#@# #(# #######.#.
#(# ##.(....$..
#.####..c.).....
#.##..(.l..##...
#.#.((..#### .
#.c.(c.## #.l...##
##..###


You could see a centaur and an iguana.

Vanquished Creatures
  A hound (D:3)
  An orc wizard (D:3)
  13 adders
  2 oozes
  4 worms
  A dart slug (D:2)
  3 leopard geckos
  2 orcs
  10 bats
  5 giant cockroaches
  5 goblins
  6 hobgoblins
  10 jackals
  5 kobolds
  3 quokkas (D:3)
  A ball python (D:2)
  10 frilled lizards
  4 rats
86 creatures vanquished.

Notes
Turn   | Place    | Note
-------+----------+-------------------------------------------
     0 | D:1      | Lilu the Deep Elf Conjurer began the quest for the Orb.
     0 | D:1      | Reached XP level 1. HP: 10/10 MP: 6/6
   374 | D:1      | Reached XP level 2. HP: 6/15 MP: 2/8
   376 | D:1      | Reached skill level 5 in Conjurations
  1372 | D:2      | Reached XP level 3. HP: 19/19 MP: 6/9
  1376 | D:2      | Learned a level 2 spell: Searing Ray
  1623 | D:2      | Reached skill level 6 in Conjurations
  1782 | D:2      | Reached XP level 4. HP: 24/24 MP: 8/10
  2430 | D:3      | Reached skill level 7 in Conjurations
  2468 | D:3      | Reached XP level 5. HP: 28/28 MP: 6/11
  2517 | D:3      | Learned a level 4 spell: Iskenderun's Mystic Blast
  3309 | D:3      | Reached skill level 8 in Conjurations
  3443 | D:4      | Found a shattered altar of Ashenzari.
  3483 | D:4      | Reached XP level 6. HP: 32/32 MP: 6/12
  3526 | D:4      | Found a staircase to the Ecumenical Temple.
  3530 | Temple   | Entered the Ecumenical Temple
  3865 | D:4      | HP: 1/32 [centaur/arrow (7)]
  3882 | D:4      | Shot with an arrow by a centaur

Skill      XL: |  1  2  3  4  5 |
---------------+----------------+-----
Conjurations   | 5 6 7 8 |  8.1
Dodging        | |  2.4
Stealth        | |  2.4
Spellcasting   | |  3.0

Action                   |  1- 3 |  4- 6 || total
-------------------------+-------+-------++-------
Melee: Spear             |    27 |     9 ||    36
 Fire: Hunting sling     |       |     1 ||     1
 Cast: Magic Dart        |    53 |    77 ||   130
       Searing Ray       |     4 |     7 ||    11
       Iskenderun's Myst |       |     3 ||     3
  Use: Scroll            |     1 |     1 ||     2
       Potion            |       |     5 ||     5
 Stab: Sleeping          |     1 |     1 ||     2
  Eat: Chunk             |     3 |     6 ||     9
Armor: Robe              |     7 |     7 ||    14
Dodge: Dodged            |    37 |    23 ||    60
